 Dungeon Crawl Stone Soup version 0.23-a0-639-ga9a3373214 (webtiles) character file.

3741 HereIgoKillingAgain the Severer (level 10, -3/117 HPs)
             Began as a Hill Orc Fighter on Dec 29, 2018.
             Was a Believer of the Shining One.
             Slain by a troll (6 damage)
             ... on level 9 of the Dungeon.
             The game lasted 00:09:34 (8938 turns).

HereIgoKillingAgain the Severer (Hill Orc Fighter)  Turns: 8938, Time: 00:09:35

Health: -3/117     AC: 25    Str: 22    XL:     10   Next: 15%
Magic:  10/11      EV:  2    Int: 17    God:    the Shining One [**....]
Gold:   119        SH:  0    Dex: 10    Spells: 9/9 levels left

rFire    . . .     SeeInvis .   g - +7 battleaxe "Oluopnus" {chop, Str+2}
rCold    . . .     Gourm    .   (shield currently unavailable)
rNeg     + + +     Faith    .   (armour currently unavailable)
rPois    +         Spirit   .   (helmet currently unavailable)
rElec    .         Reflect  .   (cloak currently unavailable)
rCorr    .         Harm     .   (gloves currently unavailable)
MR       .....     NoTele   +   (boots currently unavailable)
Stlth    +.........             (no amulet)
HPRegen  0.29/turn              E - +6 ring of intelligence
MPRegen  0.12/turn              (no ring)

@: tree-form, glowing
A: no striking features
a: Divine Shield, Renounce Religion


You were on level 9 of the Dungeon.
You worshipped the Shining One.
The Shining One was pleased with you.
You were hungry.
You were a tree.
You visited 2 branches of the dungeon, and saw 10 of its levels.

You collected 377 gold pieces.
You spent 258 gold pieces at shops.

Inventory:

Hand Weapons
 a - a +0 war axe
 g - the +7 battleaxe "Oluopnus" (weapon) {chop, Str+2}
   (You acquired it on level 7 of the Dungeon)

   It inflicts extra damage upon your enemies.
   It affects your strength (+2).
 h - a +2 dagger of venom
Armour
 r - a +1 ring mail of magic resistance (melded)
 y - a +2 helmet (melded)
Jewellery
 E - a +6 ring of intelligence (left branch)
Wands
 u - a wand of digging (5)
 w - a wand of iceblast (9)
 x - a wand of disintegration (22)
 B - a wand of enslavement (4)
Scrolls
 b - 2 scrolls of identify
 j - a scroll of fear
 k - 6 scrolls of teleportation
 l - 2 scrolls of magic mapping
 o - 3 scrolls of remove curse
 q - 2 scrolls of amnesia {unknown}
 s - 2 scrolls of fog {unknown}
 z - a scroll of silence {unknown}
 D - 5 scrolls of enchant armour {unknown}
 F - a scroll of noise {unknown}
 G - a scroll of vulnerability
Potions
 c - 2 potions of flight {unknown}
 d - 3 potions of might
 e - 3 potions of agility
 i - a potion of magic
 m - 4 potions of brilliance
 n - 2 potions of haste
 p - a potion of curing
 v - a potion of berserk rage
 A - 2 potions of lignification
 C - 2 potions of mutation {unknown}
Comestibles
 f - 9 rations


   Skills:
 + Level 4.0 Fighting
 + Level 17.0 Axes
 + Level 3.6 Armour
   Level 3.2 Shields
 + Level 1.3 Invocations


You had 9 spell levels left.
You didn't know any spells.
Your spell library was empty.

Dungeon Overview and Level Annotations

Branches:
Dungeon (9/15)             Temple (1/1) D:5
   Lair: D:8-11         Orc: D:9-12

Altars:
Ashenzari
Cheibriados
Dithmenos
Elyvilon
Fedhas
Gozag
Hepliaklqana
Kikubaaqudgha
Makhleb
Nemelex Xobeh
Okawaru
Qazlal
Ru
Sif Muna
Trog
Uskayaw
Vehumet
Wu Jian
Xom
Yredelemnul
Zin
The Shining One

Shops:
D:4 }   D:7 *


Message History

The troll is heavily wounded.
You barely miss the troll.
The troll is heavily wounded.
The troll bites you.
* * * LOW HITPOINT WARNING * * *
The troll claws you!
* * * LOW HITPOINT WARNING * * *
The troll claws you but does no damage.
You barely miss the troll.
The troll is heavily wounded.
The troll bites you.
* * * LOW HITPOINT WARNING * * *
The troll claws you but does no damage. x2
Unknown command.
You slash the troll!
The troll is severely wounded.
The troll bites you.
* * * LOW HITPOINT WARNING * * *
The troll claws you.
You die...

#.## #....# #.#
...t..# ##.## .......
... ......% ...
.......####.#
.........<#.# #
#........#.###.#####
##..#.....tT♣.......
..$........l###.#####
.#.#.####........#
....####.###.#.#.#
..........# ... ..
#.########.###.#.#.
## .. ##.###...>....#
#. ##.#...#......##
.##.##.###.#.#.##..#


You could see a troll, a crocodile and an iguana.

Vanquished Creatures
  Pikel (D:7)
  Grinder (D:6)
  Eustachio (D:6)
  3 sky beasts
  An ice beast (D:8)
  2 slaves (D:7)
  4 centaurs (D:7)
  An ogre (D:6)
  A big kobold (D:8)
  5 bullfrogs
  A wyvern zombie (D:7)
  A wyvern skeleton (D:6)
  7 killer bees (D:8)
  4 wights (D:8)
  4 howler monkeys
  4 crimson imps
  A bullfrog zombie (D:6)
  A centaur zombie (D:9)
  A hound (D:5)
  2 orc priests
  2 centaur skeletons
  A jelly (D:5)
  4 orc wizards
  6 worker ants
  19 gnolls
  5 adders
  2 shadow imps
  2 adder zombies (D:5)
  An ooze (D:3)
  4 worms
  3 leopard geckos
  21 orcs
  7 bats
  13 giant cockroaches
  8 goblins
  12 hobgoblins
  7 jackals
  4 quokkas
  4 ball pythons
  A frilled lizard (D:5)
  10 kobolds
  A leopard gecko skeleton (D:6)
  13 rats
196 creatures vanquished.

Vanquished Creatures (others)
  A slave (D:7)
  A bullfrog (D:7)
  A howler monkey (D:5)
  2 hounds
  An iguana (D:5)
  A shadow imp (D:5)
  An adder zombie (D:7)
  A leopard gecko (D:7)
  An orc (D:7)
  A plant (D:9)
11 creatures vanquished.

Grand Total: 207 creatures vanquished

Notes
Turn   | Place    | Note
-------+----------+-------------------------------------------
     0 | D:1      | HereIgoKillingAgain the Hill Orc Fighter began the quest
                  | for the Orb.
     0 | D:1      | Reached XP level 1. HP: 19/19 MP: 1/1
    41 | D:1      | Reached skill level 3 in Axes
    54 | D:1      | Reached XP level 2. HP: 17/26 MP: 2/2
    83 | D:1      | Reached skill level 4 in Axes
   448 | D:1      | Reached XP level 3. HP: 31/31 MP: 3/3
   835 | D:2      | Reached skill level 5 in Axes
  1118 | D:2      | Reached XP level 4. HP: 39/39 MP: 4/4
  1653 | D:2      | Reached skill level 6 in Axes
  1989 | D:2      | Reached XP level 5. HP: 23/45 MP: 5/5
  2230 | D:3      | Reached skill level 7 in Axes
  2387 | D:3      | HP: 2/45 [gnoll/+0 spear (7)]
  2461 | D:3      | Found a blossoming altar of Fedhas.
  2610 | D:3      | Found a hide-covered altar of Uskayaw.
  2610 | D:3      | Noticed a +0 dagger
  2610 | D:3      | Noticed a +0 dagger
  2652 | D:3      | Reached skill level 8 in Axes
  2652 | D:3      | Reached XP level 6. HP: 38/51 MP: 6/6
  3817 | D:4      | Reached skill level 9 in Axes
  3976 | D:4      | Found Utrigo's Gadget Boutique.
  4264 | D:4      | Found an ancient bone altar of Kikubaaqudgha.
  4289 | D:5      | Entered Level 5 of the Dungeon
  4289 | D:5      | Found a shimmering altar of Xom.
  4326 | D:5      | Reached XP level 7. HP: 37/57 MP: 7/7
  4450 | D:5      | Found a staircase to the Ecumenical Temple.
  4466 | Temple   | Entered the Ecumenical Temple
  4756 | Temple   | Became a worshipper of the Shining One
  4784 | D:5      | Reached skill level 10 in Axes
  4993 | D:5      | Found an iron altar of Okawaru.
  5494 | D:5      | Found a deep blue altar of Sif Muna.
  5560 | D:6      | Reached skill level 11 in Axes
  5723 | D:6      | Noticed Grinder
  5726 | D:6      | Noticed Eustachio
  5734 | D:6      | Killed Grinder
  5734 | D:6      | Reached skill level 12 in Axes
  5734 | D:6      | Reached XP level 8. HP: 58/64 MP: 8/8
  5756 | D:6      | Killed Eustachio
  5872 | D:6      | Found an opulent altar of Gozag.
  5872 | D:6      | Found a basalt altar of Yredelemnul.
  5970 | D:6      | Found a shadowy altar of Dithmenos.
  6038 | D:6      | Reached * piety under the Shining One
  6064 | D:6      | Reached skill level 13 in Axes
  6200 | D:6      | Found a hazy altar of Hepliaklqana.
  6200 | D:6      | Found a glowing silver altar of Zin.
  6248 | D:7      | Noticed Pikel
  6262 | D:7      | Killed Pikel
  6262 | D:7      | Reached skill level 14 in Axes
  6262 | D:7      | Reached XP level 9. HP: 41/70 MP: 9/9
  6401 | D:7      | Found a shimmering altar of Xom.
  6905 | D:7      | Reached skill level 15 in Axes
  7493 | D:7      | Found Fidinof's Assorted Antiques.
  8112 | D:7      | Bought a scroll of teleportation for 87 gold pieces
  8112 | D:7      | Bought a scroll labeled HEZOGE JOMIOX for 29 gold pieces
  8112 | D:7      | Bought a scroll labeled NOCKIUGICA for 29 gold pieces
  8112 | D:7      | Bought a scroll of teleportation for 87 gold pieces
  8112 | D:7      | Bought a fizzy orange potion for 26 gold pieces
  8115 | D:7      | Identified a scroll of acquirement
  8118 | D:7      | Got a warped battleaxe
  8126 | D:7      | Identified the +7 battleaxe "Oluopnus" {chop, Str+2} (You
                  | acquired it on level 7 of the Dungeon)
  8232 | D:8      | Reached skill level 16 in Axes
  8556 | D:8      | Reached ** piety under the Shining One
  8566 | D:8      | Reached XP level 10. HP: 68/77 MP: 10/10
  8758 | D:8      | Reached skill level 17 in Axes
  8788 | D:8      | Reached skill level 1 in Invocations
  8938 | D:9      | HP: 3/117 [troll (4)]
  8938 | D:9      | Slain by a troll

Vault maps used:
D:1:      saegor_arrival_simple_a, minmay_fountain_box
D:3:      lemuel_crystal_altar, dancing_weapons_uskayaw
D:4:      kennysheep_mini, serial_shops, shop, first_ration, serial_glass,
          glass_columns_a, glass_columns_b
D:5:      lemuel_coloured_pillars_altar, okawaru_gym_becter,
          minmay_temple_entry_arrows, minivault_23, xom_confusion_cloud
D:6:      grunt_dithmenos_smoke_and_mirrors, gammafunk_temple_overflow_elements,
          amethyst_overflow_temple_binary, uniq_eustachio, uniq_grinder
D:7:      serial_shops, kennysheep_little_box, lemuel_centaur_altar, uniq_pikel
D:9:      minmay_lair_entry_grove
Temple:   minmay_temple_bridge_abc

Skill      XL: |  1  2  3  4  5  6  7  8  9 10 |
---------------+-------------------------------+-----
Axes           | 3 4 5 6 8 9 12 14 16 17 | 17.0
Invocations    | 1 |  1.3
Fighting       | 4 |  4.0
Armour         | |  3.6
Shields        | |  3.2

Action                   |  1- 3 |  4- 6 |  7- 9 | 10-12 || total
-------------------------+-------+-------+-------+-------++-------
Melee: War axe           |    32 |       |   221 |       ||   253
       Dagger            |    75 |   249 |    18 |       ||   342
       Battleaxe         |       |       |    33 |    33 ||    66
  Use: Potion            |       |     3 |     2 |     2 ||     7
       Scroll            |       |     9 |     7 |       ||    16
  Eat: Chunk             |       |     7 |     8 |       ||    15
       Ration            |       |     1 |     2 |       ||     3
Armor: Scale mail        |    40 |    54 |       |       ||    94
       Ring mail         |       |    22 |   107 |    19 ||   148
       Skin              |       |       |       |     5 ||     5
Dodge: Dodged            |    29 |    81 |   103 |    20 ||   233
Block: Shield            |    49 |   157 |   134 |       ||   340

Table legend:
 A = Non-vault XP
 B = Vault XP
 C = Vault XP percentage of total XP
 D = Non-vault monster count
 E = Vault monster count
 F = Vault count percentage of total count
                 A         B        C        D         E       F
            +---------+---------+-------+---------+---------+-------
      Total |    3656 |    1689 |  31.6 |     183 |      11 |   5.7
            +---------+---------+-------+---------+---------+-------
        D:1 |      49 |       0 |   0.0 |      29 |       0 |   0.0
        D:2 |     105 |       0 |   0.0 |      29 |       0 |   0.0
        D:3 |     228 |       0 |   0.0 |      27 |       0 |   0.0
        D:4 |     163 |       0 |   0.0 |      17 |       0 |   0.0
        D:5 |     239 |      80 |  25.1 |      15 |       4 |  21.1
        D:6 |     629 |     474 |  43.0 |      22 |       2 |   8.3
        D:7 |     646 |    1135 |  63.7 |      10 |       5 |  33.3
        D:8 |    1322 |       0 |   0.0 |      28 |       0 |   0.0
        D:9 |     186 |       0 |   0.0 |       4 |       0 |   0.0
     Temple |      89 |       0 |   0.0 |       2 |       0 |   0.0
            +---------+---------+-------+---------+---------+-------
